 Dungeon Crawl Stone Soup version 0.29.0-11-gd7f09526c8 (webtiles) character file.

Game seed: 15044269446698047919

11152 Renzlar the Blocker (level 11, -1/89 HPs)
             Began as a Gnoll Fighter on Sept 2, 2022.
             Was a High Priest of Okawaru.
             Killed from afar by a starcursed mass (6 damage)
             ... with an accursed screaming
             ... on level 1 of the Abyss on Sept 3, 2022.
             The game lasted 00:45:40 (13202 turns).

Renzlar the Blocker (Gnoll Fighter)                Turns: 13202, Time: 00:45:40

Health: -1/89      AC: 13    Str: 19    XL:     11   Next: 73%
Magic:  9/21       EV: 16    Int:  8    God:    Okawaru [*****.]
Gold:   807        SH:  6    Dex: 12    Spells: 17/23 levels left

rFire   . . .      SeeInvis +   c - +0 hand crossbow (vorpal)
rCold   . . .      Faith    .   n - +0 buckler
rNeg    + . .      Spirit   .   b - +2 scale mail
rPois   .          Reflect  .   p - +0 helmet {SInv}
rElec   .          Harm     .   (no cloak)
rCorr   .          Rampage  .   m - +0 pair of gloves
Will    .....      Clarity  +   (no boots)
Stlth   ++........              (no amulet)
HPRegen 0.24/turn               j - +4 ring of evasion
MPRegen 0.17/turn               h - ring of positive energy

@: no status effects
A: fangs 1, strong nose, distributed training, clarity, MP-powered wands
a: Renounce Religion, Heroism, Finesse, Duel


You were on level 1 of the Abyss.
You worshipped Okawaru.
Okawaru was extremely pleased with you.
You visited 2 branches of the dungeon, and saw 11 of its levels.
You visited the Abyss 1 time.
You also visited: Ossuary.

You collected 807 gold pieces.

Inventory:

Hand Weapons
 a - a +3 vorpal war axe
 c - a +0 vorpal hand crossbow (weapon)
 d - a +2 rapier of speed
 e - a +2 whip of freezing
 f - a +2 flail of holy wrath
Missiles
 l - 24 poisoned darts
 w - 2 throwing nets
 E - a curare-tipped dart
Armour
 b - a +2 scale mail (worn)
 m - a +0 pair of gloves (worn)
 n - a +0 buckler (worn)
 p - a +0 helmet of see invisible (worn)
Jewellery
 h - a ring of positive energy (right hand)
 j - a +4 ring of evasion (left hand)
 y - a ring of fire
Wands
 k - a wand of digging (6)
 A - a wand of iceblast (5)
Scrolls
 i - 8 scrolls of teleportation
 q - 2 scrolls of amnesia
 s - 2 scrolls of silence
 t - 3 scrolls of fear
 v - a scroll of poison
Potions
 g - 5 potions of curing
 r - a potion of resistance
 x - a potion of invisibility
 z - 4 potions of flight
 B - a potion of ambrosia
 D - a potion of degeneration {unknown}


   Skills:
 + Level 9.5 Fighting
 + Level 6.8 Short Blades
 + Level 6.8 Long Blades
 + Level 8.3 Axes
 + Level 6.8 Maces & Flails
 + Level 6.8 Polearms
 + Level 6.8 Staves
 + Level 6.8 Ranged Weapons
 + Level 6.8 Throwing
 + Level 9.5 Armour
 + Level 6.8 Dodging
 + Level 6.8 Stealth
 + Level 9.5 Shields
 + Level 6.8 Unarmed Combat
 + Level 6.8 Spellcasting
 + Level 5.6 Conjurations
 + Level 5.6 Hexes
 + Level 5.6 Summonings
 + Level 5.6 Necromancy
 + Level 5.6 Translocations
 + Level 5.6 Transmutations
 + Level 5.6 Fire Magic
 + Level 5.6 Ice Magic
 + Level 5.6 Air Magic
 + Level 5.6 Earth Magic
 + Level 5.6 Poison Magic
 + Level 7.5 Invocations
 + Level 6.8 Evocations


You had 17 spell levels left.
You knew the following spells:

 Your Spells              Type           Power      Damage    Failure   Level
a - Lesser Beckoning      Tloc           11%        N/A       21%         3
b - Gell's Gravitas       Tloc           11%        N/A       21%         3

Your spell library contained the following spells:

 Spells                   Type           Power      Damage    Failure   Level
 Magic Dart               Conj           44%        1d5       7%          1
 Sublimation of Blood     Necr           11%        N/A       10%         2
 Mephitic Cloud           Conj/Pois/Air  11%        N/A       21%         3
 Teleport Other           Tloc           11%        N/A       21%         3
 Petrify                  Tmut/Erth      11%        N/A       54%         4
 Irradiate                Conj/Tmut      5%         3d13      88%         5
 Summon Small Mammal      Summ           Unusable   N/A       N/A         1
 Call Imp                 Summ           Unusable   N/A       N/A         2
 Call Canine Familiar     Summ           Unusable   N/A       N/A         3
 Summon Guardian Golem    Hex/Summ       Unusable   N/A       N/A         3

Dungeon Overview and Level Annotations

Branches:
Dungeon (10/15)            Temple (1/1) D:4            Lair (0/5) D:10
Ossuary (visited)
    Orc: D:9-12

Altars:
Ashenzari
Cheibriados
Dithmenos
Elyvilon
Fedhas
Gozag
Kikubaaqudgha
Makhleb
Nemelex Xobeh
Okawaru
Qazlal
Ru
Sif Muna
Trog
Wu Jian
Xom
Yredelemnul
Zin
The Shining One

Annotations:
D:9 3 runed translucent doors, Sobieck's ghost, novice KoEE
D:10 Erolcha; Sonja


Innate Abilities, Weirdness & Mutations

You have very sharp teeth.
Your uncanny sense of smell can sniff out nearby items.
Your experience applies equally to all skills.
You possess an exceptional clarity of mind.
You expend magic power (3 MP) to strengthen your wands.


Message History

The iceblast engulfs the starcursed mass!!
You destroy the starcursed mass!
Okawaru accepts your kill.
The iceblast engulfs the starcursed mass!!
The starcursed mass is severely damaged.
The starcursed mass shudders and is absorbed by its neighbour.
The starcursed mass shudders and withdraws towards its neighbour.
Aiming: Iceblast
Press: ? - help, Shift-Dir - straight line, f/p - starcursed mass
Aim: a starcursed mass (severely damaged)
You feel a surge of power!
The mass of ice explodes!
The iceblast engulfs the starcursed mass!!
You destroy the starcursed mass!
Okawaru accepts your kill.
The iceblast engulfs the starcursed mass!!
You destroy the starcursed mass!
Okawaru accepts your kill.
The iceblast engulfs the starcursed mass!
The starcursed mass is severely damaged.
The iceblast engulfs the starcursed mass!
You destroy the starcursed mass!
Okawaru accepts your kill.
You hear a shout!
A white imp comes into view.
A starcursed mass splits.
A chorus of shrieks assaults your mind.
* * * LOW HITPOINT WARNING * * *
Unknown command.
Aiming: Iceblast
Press: ? - help, Shift-Dir - straight line, f - starcursed mass
Aim: a starcursed mass (heavily damaged)
You feel a surge of power!
The mass of ice explodes!
The iceblast engulfs the starcursed mass.
The starcursed mass is almost destroyed.
The iceblast engulfs the starcursed mass.
You destroy the starcursed mass!
Okawaru accepts your kill.
You hear a bleat!
You hear a roar!
The starcursed mass shrieks in your mind.
You die...

#.# .. 5.
##. .. ..
#. #.# #.
..# .#.#
.
#..###...
#@......#
#...#X##.
#...#
##..#
....
##...
.### ##


You could see a starcursed mass and a white imp.

Vanquished Creatures
  A two-headed ogre (D:9)
  The ghost of PieDemon the Arsonist, a novice MeFE (D:7)
  Pikel (D:5)
  A large abomination (Abyss:1)
  Maurice (D:8)
  A smoke demon (Abyss:1)
  Joseph (D:8)
  A vampire (D:9)
  A wyvern (D:9)
  An unseen horror simulacrum (D:7)
  14 yaks
  3 vampire mosquitoes (D:8)
  A basilisk (D:9)
  A steam dragon (D:6)
  Edmund (D:5)
  An acid dragon (D:7)
  4 water moccasins
  3 orc warriors
  4 ice beasts
  A hornet zombie (Ossuary)
  A black bear (D:5)
  An ogre (D:6)
  A centaur (D:9)
  2 phantoms
  4 kobold brigands
  3 bullfrogs
  A necrophage (D:5)
  A wyvern zombie (Ossuary)
  2 scorpions (D:5)
  11 wights (D:8)
  5 killer bees (D:9)
  9 howler monkeys
  4 bullfrog zombies (Ossuary)
  2 centaur zombies (Ossuary)
  6 starcursed masses (Abyss:1)
  2 hounds
  A jelly (D:7)
  4 orc priests
  8 mummies (Ossuary)
  2 iguanas (D:5)
  2 orc wizards
  3 killer bee zombies (Ossuary)
  A centaur simulacrum (D:7)
  A howler monkey zombie (Ossuary)
  12 gnolls
  4 adders
  2 shadow imps
  3 white imps
  An ufetubus (D:6)
  A worm (D:3)
  2 dart slugs
  28 orcs
  5 bats
  5 endoplasms
  A giant cockroach (D:1)
  5 hobgoblins
  24 kobolds
  2 quokkas
  9 ball pythons
  3 frilled lizards
  2 goblins
  4 rats
  A rat zombie (D:5)
  A butterfly (D:7)
235 creatures vanquished.

Vanquished Creatures (others)
  A fungus (D:10)
  10 plants (D:10)
  14 withered plants (Ossuary)
25 creatures vanquished.

Grand Total: 260 creatures vanquished

Notes
Turn   | Place    | Note
-------+----------+-------------------------------------------
     0 | D:1      | Renzlar the Gnoll Fighter began the quest for the Orb.
     0 | D:1      | Reached XP level 1. HP: 23/23 MP: 1/1
    52 | D:1      | Found a faded altar of an unknown god.
   194 | D:1      | Reached XP level 2. HP: 29/29 MP: 2/2
   543 | D:2      | Reached XP level 3. HP: 30/35 MP: 3/3
  1179 | D:2      | Reached skill level 1 in Invocations
  1240 | D:2      | Reached skill level 1 in Short Blades
  1240 | D:2      | Reached skill level 1 in Long Blades
  1240 | D:2      | Reached skill level 1 in Maces & Flails
  1240 | D:2      | Reached skill level 1 in Polearms
  1240 | D:2      | Reached skill level 1 in Staves
  1240 | D:2      | Reached skill level 1 in Ranged Weapons
  1240 | D:2      | Reached skill level 1 in Throwing
  1240 | D:2      | Reached skill level 1 in Dodging
  1240 | D:2      | Reached skill level 1 in Stealth
  1240 | D:2      | Reached skill level 1 in Unarmed Combat
  1240 | D:2      | Reached skill level 1 in Spellcasting
  1240 | D:2      | Reached skill level 1 in Evocations
  1248 | D:2      | Reached XP level 4. HP: 37/41 MP: 5/5
  1253 | D:2      | Reached skill level 1 in Conjurations
  1253 | D:2      | Reached skill level 1 in Hexes
  1253 | D:2      | Reached skill level 1 in Summonings
  1253 | D:2      | Reached skill level 1 in Necromancy
  1253 | D:2      | Reached skill level 1 in Translocations
  1253 | D:2      | Reached skill level 1 in Transmutations
  1253 | D:2      | Reached skill level 1 in Fire Magic
  1253 | D:2      | Reached skill level 1 in Ice Magic
  1253 | D:2      | Reached skill level 1 in Air Magic
  1253 | D:2      | Reached skill level 1 in Earth Magic
  1253 | D:2      | Reached skill level 1 in Poison Magic
  1595 | D:3      | Identified the +2 leather armour of the World {rN++ Stlth-}
  1712 | D:3      | Found an opulent altar of Gozag.
  1849 | D:3      | Found a burning altar of Makhleb.
  1999 | D:3      | Found a shimmering altar of Xom.
  2045 | D:3      | Reached XP level 5. HP: 45/47 MP: 5/7
  2172 | D:3      | Found a glowing silver altar of Zin.
  2593 | D:4      | Found a staircase to the Ecumenical Temple.
  2602 | Temple   | Entered the Ecumenical Temple
  2643 | Temple   | Became a worshipper of Warmaster Okawaru
  2675 | D:4      | Found a sacrificial altar of Ru.
  3307 | D:4      | Reached XP level 6. HP: 53/53 MP: 8/8
  3609 | D:5      | Entered Level 5 of the Dungeon
  3766 | D:5      | Noticed Edmund
  3778 | D:5      | Reached skill level 5 in Axes
  3781 | D:5      | Killed Edmund
  3781 | D:5      | Reached * piety under Okawaru
  3909 | D:5      | Found a sand-covered staircase.
  3918 | Ossuary  | Entered an ossuary
  3933 | Ossuary  | Reached XP level 7. HP: 57/59 MP: 10/10
  4255 | Ossuary  | Reached XP level 8. HP: 64/67 MP: 12/12
  4502 | Ossuary  | Reached ** piety under Okawaru
  4617 | D:5      | Noticed Pikel
  4639 | D:5      | Killed Pikel
  4957 | D:5      | Reached *** piety under Okawaru
  4958 | D:5      | Reached XP level 9. HP: 73/73 MP: 14/14
  5320 | D:5      | Found a stormy altar of Qazlal.
  5321 | D:5      | Found an ancient bone altar of Kikubaaqudgha.
  5323 | D:5      | Found a bloodstained altar of Trog.
  5764 | D:6      | Found a shimmering blue altar of Sif Muna.
  6055 | D:6      | Found a glowing golden altar of the Shining One.
  6085 | D:6      | Found a shadowy altar of Dithmenos.
  6667 | D:6      | Reached skill level 5 in Invocations
  6958 | D:7      | Reached **** piety under Okawaru
  6970 | D:7      | Found a white marble altar of Elyvilon.
  7012 | D:7      | Found a runed translucent gate.
  7012 | D:7      | Found a runed translucent gate.
  7012 | D:7      | Found a runed translucent gate.
  7040 | D:7      | Noticed PieDemon's ghost (novice MeFE)
  7431 | D:7      | Found a sparkling altar of Nemelex Xobeh.
  7777 | D:7      | Killed PieDemon's ghost
  7778 | D:7      | Reached skill level 5 in Short Blades
  7778 | D:7      | Reached skill level 5 in Long Blades
  7778 | D:7      | Reached skill level 5 in Maces & Flails
  7778 | D:7      | Reached skill level 5 in Polearms
  7778 | D:7      | Reached skill level 5 in Staves
  7778 | D:7      | Reached skill level 5 in Ranged Weapons
  7778 | D:7      | Reached skill level 5 in Throwing
  7778 | D:7      | Reached skill level 5 in Dodging
  7778 | D:7      | Reached skill level 5 in Stealth
  7778 | D:7      | Reached skill level 5 in Unarmed Combat
  7778 | D:7      | Reached skill level 5 in Spellcasting
  7778 | D:7      | Reached skill level 5 in Evocations
  7778 | D:7      | Reached XP level 10. HP: 61/82 MP: 17/17
  7979 | D:7      | Gained mutation: You possess an exceptional clarity of
                  | mind. [potion of mutation]
  7979 | D:7      | Gained mutation: You expend magic power (3 MP) to
                  | strengthen your wands. [potion of mutation]
  8899 | D:8      | Noticed Joseph
  8902 | D:8      | Received a gift from Okawaru
  8915 | D:8      | Killed Joseph
  9249 | D:8      | Reached ***** piety under Okawaru
  9636 | D:8      | Noticed Maurice
  9667 | D:8      | Killed Maurice
 10675 | D:9      | Reached skill level 5 in Conjurations
 10675 | D:9      | Reached skill level 5 in Hexes
 10675 | D:9      | Reached skill level 5 in Summonings
 10675 | D:9      | Reached skill level 5 in Necromancy
 10675 | D:9      | Reached skill level 5 in Translocations
 10675 | D:9      | Reached skill level 5 in Transmutations
 10675 | D:9      | Reached skill level 5 in Fire Magic
 10675 | D:9      | Reached skill level 5 in Ice Magic
 10675 | D:9      | Reached skill level 5 in Air Magic
 10675 | D:9      | Reached skill level 5 in Earth Magic
 10675 | D:9      | Reached skill level 5 in Poison Magic
 10675 | D:9      | Reached XP level 11. HP: 83/89 MP: 20/20
 10961 | D:9      | Found a runed translucent gate.
 10962 | D:9      | Found a runed translucent gate.
 10962 | D:9      | Found a runed translucent gate.
 10963 | D:9      | Found an opulent altar of Gozag.
 10964 | D:9      | Noticed Sobieck's ghost (novice KoEE)
 11307 | D:9      | Found a basalt altar of Yredelemnul.
 11433 | D:9      | Noticed a two-headed ogre
 11447 | D:9      | Killed a two-headed ogre
 11847 | D:9      | Learned a level 3 spell: Lesser Beckoning
 11851 | D:9      | Learned a level 3 spell: Gell's Gravitas
 12197 | D:9      | Noticed a shock serpent
 12237 | D:10     | Entered Level 10 of the Dungeon
 12465 | D:10     | Noticed Sonja
 12775 | D:10     | Noticed Erolcha
 12845 | D:9      | Received a gift from Okawaru
 12857 | Abyss:1  | Cast into level 1 of the Abyss (Erolcha)
 12916 | Abyss:1  | Noticed a large abomination
 12923 | Abyss:1  | HP: 4/89 [large abomination (27)]
 12928 | Abyss:1  | Killed a large abomination
 13030 | Abyss:1  | HP: 1/89 [raiju/living lightning (17)]
 13189 | Abyss:1  | Noticed a starcursed mass
 13197 | Abyss:1  | Paralysed by accursed screaming for 1 turns
 13200 | Abyss:1  | Killed a starcursed mass
 13201 | Abyss:1  | Killed a starcursed mass
 13202 | Abyss:1  | Killed from afar by a starcursed mass

Illustrated notes

Levels and vault maps discovered:
D:1:      dpeg_arrival_leaves_temple_mockup, layout_basic,
          basic_ecumenical_altar, minmay_tromino_mix6
D:2:      layout_loops_corners
D:3:      layout_loops_corners, pdpol_temple_overflow_zin_treasury_gozag_greed,
          mainiacjoe_overflow_small_starburst, old_standard_altar
D:4:      layout_gridville, nicolae_ru_awakened_eye,
          minmay_temple_entry_purple_smoke, serial_bayou_pond_d,
          roderic_lattice_a
D:5:      layout_loops_cross, gammafunk_temple_overflow_forgotten,
          enter_ossuary_3, chequers_serial_rivers_large_b, uniq_edmund,
          uniq_pikel
D:6:      layout_loops_ring, nicolae_dithmenos_shadow_blocks,
          overflow_temple_1_default, mainiacjoe_overflow_chevrons
D:7:      layout_cave_pools, mainiacjoe_overflow_alcove_1,
          nicolae_elyvilon_peaceful_grove, gammafunk_ghost_icy
D:8:      layout_gridville, uniq_joseph, uniq_maurice
D:9:      layout_long_grid, amcnicky_altar_gilded, ebering_ghost_gozag,
          minmay_unpleasant_kobolds
D:10:     layout_loops_ring, minmay_lair_entry_grove, enter_bailey_5,
          uniq_erolcha, uniq_sonja
Temple:   nicolae_temple_godpark
Abyss:1:  base:
D:1

Skill      XL: |  1  2  3  4  5  6  7  8  9 10 11 |
---------------+----------------------------------+-----
Invocations    | 1 2 3 4 5 6 7 |  7.5
Short Blades   | 1 2 3 5 6 |  6.8
Long Blades    | 1 2 3 5 6 |  6.8
Maces & Flails | 1 2 3 5 6 |  6.8
Polearms       | 1 2 3 5 6 |  6.8
Staves         | 1 2 3 5 6 |  6.8
Ranged Weapons | 1 2 3 5 6 |  6.8
Throwing       | 1 2 3 5 6 |  6.8
Dodging        | 1 2 3 5 6 |  6.8
Stealth        | 1 2 3 5 6 |  6.8
Unarmed Combat | 1 2 3 5 6 |  6.8
Spellcasting   | 1 2 3 5 6 |  6.8
Evocations     | 1 2 3 5 6 |  6.8
Conjurations   | 1 2 3 4 5 |  5.6
Hexes          | 1 2 3 4 5 |  5.6
Summonings     | 1 2 3 4 5 |  5.6
Necromancy     | 1 2 3 4 5 |  5.6
Translocations | 1 2 3 4 5 |  5.6
Transmutations | 1 2 3 4 5 |  5.6
Fire Magic     | 1 2 3 4 5 |  5.6
Ice Magic      | 1 2 3 4 5 |  5.6
Air Magic      | 1 2 3 4 5 |  5.6
Earth Magic    | 1 2 3 4 5 |  5.6
Poison Magic   | 1 2 3 4 5 |  5.6
Axes           | 5 6 7 8 |  8.3
Fighting       | 7 8 9 |  9.5
Armour         | 7 8 9 |  9.5
Shields        | 7 8 9 |  9.5

Action                   |  1- 3 |  4- 6 |  7- 9 | 10-12 || total
-------------------------+-------+-------+-------+-------++-------
Melee: War axe           |    50 |   118 |   276 |   309 ||   753
       Bite              |     1 |    10 |    38 |    36 ||    85
       Rapier            |       |       |       |     4 ||     4
 Fire: Sling             |       |    21 |   114 |   102 ||   237
       Hand crossbow     |       |       |       |    19 ||    19
Throw: Boomerang         |     3 |       |       |       ||     3
       Throwing net      |       |       |       |     4 ||     4
 Cast: Lesser Beckoning  |       |       |       |     1 ||     1
Invok: Heroism           |       |       |     3 |     3 ||     6
Evoke: Wand              |       |     1 |       |     4 ||     5
  Use: Scroll            |     6 |    10 |     8 |     7 ||    31
       Potion            |       |     1 |     1 |     3 ||     5
 Stab: Held in net/web   |       |       |       |     1 ||     1
Armor: Scale mail        |    21 |    27 |   131 |    91 ||   270
Dodge: Dodged            |    20 |    81 |   194 |   233 ||   528
Block: Buckler           |    15 |    41 |    92 |    95 ||   243
